 Dungeon Crawl Stone Soup version 0.17-a0-737-gf0a300a (webtiles) character file.

465 Jine the Ducker (level 6, -3/47 HPs)
             Began as a Demonspawn Gladiator on May 8, 2015.
             Was a Believer of Dithmenos.
             Slain by an ogre
             ... wielding a +0 giant club
              (11 damage)
             ... on level 4 of the Dungeon.
             The game lasted 00:24:19 (3460 turns).

Jine the Ducker (Demonspawn Gladiator)              Turns: 3460, Time: 00:24:19

Health: -3/47      AC:  6    Str: 17    XL:     6   Next: 80%
Magic:  6/6        EV: 16    Int: 10    God:    Dithmenos [**....]
Gold:   277        SH:  0    Dex: 17    Spells: 0 memorised, 5 levels left

rFire  . . .     SeeInvis .     a - +0 flail
rCold  . . .     Clarity  .     C - +1 leather armour {rPois}
rNeg   . . .     SustAb   .     (no shield)
rPois  +         Gourm    .     c - +0 helmet
rElec  .         Spirit   .     (no cloak)
rCorr  .         Warding  .     (no gloves)
rMut   .         Stasis   .     (no boots)
MR     .....                    (no amulet)
Stlth  +++.......               y - +1 ring of evasion
                                g - +1 ring of protection

@: wreathed by umbra, not resistant to hostile enchantments, fairly stealthy
A: thin skeletal structure 2, powered by death 1
a: Shadow Step, Renounce Religion


You were on level 4 of the Dungeon.
You worshipped Dithmenos.
Dithmenos was pleased with you.
You were full.

You visited 1 branch of the dungeon, and saw 4 of its levels.

You collected 277 gold pieces.

Inventory:

Hand weapons
 a - a +0 flail (weapon)
 s - a +0 hand axe of distortion
Missiles
 d - 3 throwing nets (quivered)
Armour
 b - a +0 leather armour
 c - a +0 helmet (worn)
 m - a +0 leather armour
 r - a +0 leather armour
 u - a +0 robe
 B - a +1 chain mail of positive energy
 C - a +1 leather armour of poison resistance (worn)
Jewellery
 g - a +1 ring of protection (left hand)
 x - a +3 ring of protection
 y - a +1 ring of evasion (right hand)
Magical devices
 e - a wand of frost (0)
 A - a wand of disintegration (12)
Scrolls
 f - 5 scrolls of remove curse {unknown}
 h - 2 scrolls of enchant weapon {unknown}
 i - 8 scrolls of identify {unknown}
 n - 2 scrolls of teleportation {unknown}
 z - a scroll of amnesia {unknown}
Potions
 k - 2 potions of heal wounds
 l - 3 potions of curing {unknown}
 o - 3 potions of brilliance {unknown}
 p - 3 potions of magic {unknown}
 t - a potion of restore abilities {unknown}
 w - a potion of lignification {unknown}
Comestibles
 j - a beef jerky
 q - 5 fruits
 v - 3 royal jellies


   Skills:
 + Level 3.0 Fighting
 + Level 4.2 Maces & Flails
 + Level 1.7 Throwing
 + Level 2.0 Armour
 + Level 5.2 Dodging
 + Level 0.6 Stealth


You had 5 spell levels left.
You didn't know any spells.

Dungeon Overview and Level Annotations

Branches:
Dungeon (4/15)
 Temple: D:4-7

Altars:
Dithmenos
Fedhas
Kikubaaqudgha
Makhleb
Qazlal
Ru
Sif Muna
Trog
Vehumet


Innate Abilities, Weirdness & Mutations

You have a moderately thin skeletal structure (Dex +4, Stealth+).
You can steal the life force of nearby defeated enemies.


Message History

The ogre closely misses you.
You thump the ogre!
The ogre is heavily wounded.
The ogre barely misses you.
You hit the ogre.
The ogre is heavily wounded.
The ogre hits you with a giant club!
You barely miss the ogre.
The ogre is heavily wounded.
You hit the ogre.
The ogre is heavily wounded.
The ogre hits you with a giant club!
* * * LOW HITPOINT WARNING * * *
You hit the ogre.
The ogre is severely wounded.
The ogre closely misses you.
You sock the ogre!
The ogre is almost dead.
The ogre hits you with a giant club!
You die...

##.# ######.(##
. #.....##.####
.
##.##..##..#.#
.#
#.####.##....##
. #.#
#..#..##.## .#
..#
#....###..###.#
..## #...##
##..#.#
...###...#
#.O@.#
.#......##
##...#
###..##..
#.....
##..###..
..###.#
#......... ..##
#.# .>......#
##. .#
....#..## #. .
....# .# ##
....#..#


You could see an ogre.

Vanquished Creatures
  A vampire bat (D:3)
  A crimson imp (D:4)
  A centaur skeleton (D:4)
  An iguana (D:4)
  3 orc wizards
  Natasha (D:4)
  6 adders
  An ooze (D:3)
  4 worms
  A giant gecko (D:1)
  5 orcs
  2 spectral bats (D:3)
  3 bat skeletons (D:3)
  A bat zombie (D:3)
  3 fire bats (D:3)
  4 giant cockroaches
  9 hobgoblins
  4 jackals (D:2)
  3 quokkas
  2 ball pythons
  16 bats
  A bat simulacrum (D:3)
  4 giant newts
  5 goblins
  6 kobolds
  10 rats
  A plant (D:4)
99 creatures vanquished.

Notes
Turn   | Place    | Note
--------------------------------------------------------------
     0 | D:1      | Jine, the Demonspawn Gladiator, began the quest for the Orb.
     0 | D:1      | Reached XP level 1. HP: 16/16 MP: 1/1
   429 | D:1      | Gained mutation: You have a somewhat thin skeletal structure (Dex +2, Stealth). [demonic ancestry]
   429 | D:1      | Reached XP level 2. HP: 19/22 MP: 2/2
   485 | D:1      | Reached skill level 3 in Dodging
   669 | D:2      | Gained mutation: You can steal the life force of nearby defeated enemies. [demonic ancestry]
   669 | D:2      | Reached XP level 3. HP: 8/27 MP: 3/3
   748 | D:2      | Found a sacrificial altar of Ru.
  1096 | D:2      | Gained mutation: You have a moderately thin skeletal structure (Dex +4, Stealth+). [demonic ancestry]
  1096 | D:2      | Reached XP level 4. HP: 29/34 MP: 4/4
  1155 | D:2      | Found a shadowy altar of Dithmenos.
  1156 | D:2      | Found a stormy altar of Qazlal.
  1179 | D:2      | Became a worshipper of Dithmenos the Shadowed
  1972 | D:3      | Found a deep blue altar of Sif Muna.
  1982 | D:3      | Reached skill level 1 in Armour
  2002 | D:3      | Reached skill level 4 in Dodging
  2002 | D:3      | Reached XP level 5. HP: 21/39 MP: 5/5
  2608 | D:3      | Reached XP level 6. HP: 40/47 MP: 6/6
  2721 | D:3      | Found a bloodstained altar of Trog.
  2897 | D:4      | Found a blossoming altar of Fedhas.
  2901 | D:4      | Found an ancient bone altar of Kikubaaqudgha.
  3093 | D:4      | Noticed Natasha
  3121 | D:4      | Killed Natasha
  3121 | D:4      | Reached skill level 5 in Dodging
  3252 | D:4      | Found a radiant altar of Vehumet.
  3253 | D:4      | Found a burning altar of Makhleb.
  3402 | D:4      | Acquired Dithmenos's first power
  3460 | D:4      | Slain by an ogre

Action                   |  1- 3 |  4- 6 || total
-------------------------+-------+-------++-------
Melee: Flail             |   119 |   315 ||   434
  Use: Potion            |       |     2 ||     2
 Stab: Sleeping          |     1 |     4 ||     5
  Eat: Bread ration      |       |     3 ||     3
